 Dungeon Crawl Stone Soup version 0.27.0-1-g7a089689b8 (webtiles) character file.

Game seed: 4212631306027292737

100 pkoi the Slasher (level 4, -6/37 HPs)
             Began as a Minotaur Gladiator on Aug 6, 2021.
             Was a Believer of Lugonu.
             Mangled by a human zombie (7 damage)
             ... in an ossuary.
             The game lasted 00:02:43 (1502 turns).

pkoi the Slasher (Minotaur Gladiator)               Turns: 1502, Time: 00:02:44

Health: -6/37      AC:  4    Str: 19    XL:     4   Next: 46%
Magic:  4/4        EV: 12    Int:  5    God:    Lugonu [**....]
Gold:   33         SH:  0    Dex: 12    Spells: 3/3 levels left

rFire    . . .     SeeInvis .   a - +0 long sword
rCold    . . .     Faith    .   (no shield)
rNeg     . . .     Spirit   .   b - +0 leather armour
rPois    +         Reflect  .   c - +1 hat
rElec    .         Harm     .   (no cloak)
rCorr    .         Rampage  .   (no gloves)
Will     .....                  (no boots)
Stlth    +.........             (no amulet)
HPRegen  0.12/turn              h - ring of poison resistance
MPRegen  0.09/turn              (no ring)

@: brilliant
A: horns 2, retaliatory headbutt
a: Renounce Religion, Depart the Abyss, Bend Space


You were in an ossuary.
You worshipped Lugonu.
Lugonu was pleased with you.
You visited 1 branch of the dungeon, and saw 3 of its levels.
You also visited: Ossuary.

You collected 33 gold pieces.

Inventory:

Hand Weapons
 a - a +0 long sword (weapon)
Missiles
 d - 3 throwing nets (quivered)
Armour
 b - a +0 leather armour (worn)
 c - a +1 hat (worn)
Jewellery
 h - a ring of poison resistance (left hand)
Scrolls
 e - 2 scrolls of fog
 g - a scroll of identify


   Skills:
 - Level 2.4 Fighting
 + Level 6.0 Long Blades
 - Level 2.0 Throwing
 - Level 3.2 Dodging
 + Level 1.6 Invocations


You had 3 spell levels left.
You didn't know any spells.
Your spell library contained the following spells:

 Spells                   Type           Power      Damage    Failure   Level
 Blade Hands              Tmut           0%         N/A       100%        5
 Irradiate                Conj/Tmut      0%         3d13      100%        5
 Dragon Form              Tmut           0%         N/A       100%        7


Dungeon Overview and Level Annotations

Branches:
Dungeon (4/15)            Ossuary (1/1)
 Temple: D:4-7

Altars:
Lugonu

Shops:
D:4 =


Innate Abilities, Weirdness & Mutations

You have a pair of horns on your head.
You reflexively headbutt those who attack you in melee.


Message History

You hit the rat zombie. You headbutt the rat zombie.
You destroy the rat zombie!
Lugonu accepts your kill.
Your Long Blades skill increases to level 6!
You slash the human zombie!
You headbutt the human zombie, but do no damage.
The human zombie is moderately damaged.
The human zombie hits you.
You barely miss the human zombie. You headbutt the human zombie!
The human zombie is heavily damaged.
The human zombie hits you.
* * * LOW HITPOINT WARNING * * *
You barely miss the human zombie.
You headbutt the human zombie, but do no damage.
The human zombie is heavily damaged.
The human zombie hits you.
* * * LOW HITPOINT WARNING * * *
You hit the human zombie.
The human zombie is heavily damaged.
The human zombie barely misses you.
You riposte.
You hit the human zombie.
The human zombie is heavily damaged.
You slash the human zombie!
The human zombie is severely damaged.
The human zombie hits you.
* * * LOW HITPOINT WARNING * * *
It was a potion of magic.
Magic courses through your body.
It was a potion of brilliance.
You feel clever all of a sudden. The human zombie hits you.
* * * LOW HITPOINT WARNING * * *
As you read the scroll labelled VYRIKUEDABU, it crumbles to dust.
It is a scroll of enchant armour.
Your +0 hat glows green for a moment.
The human zombie closely misses you.
You riposte.
You slash the human zombie!
The human zombie is almost destroyed.
As you read the scroll labelled RUCAOSCHYALA, it crumbles to dust.
It is a scroll of identify.
e - 2 scrolls of fog The human zombie hits you!
You die...

##########
#$)#......
#)@#......
##Z#......
#ZZM...............
#..................
#MZ...##...........
#.....##...........
#..................
#..................
#..#...............


You could see 2 mummies, an adder zombie, a goblin zombie and 2 human zombies.

Vanquished Creatures
  3 hound zombies (Ossuary)
  A gnoll (D:1)
  3 bats (D:1)
  5 endoplasms (D:1)
  A giant cockroach (D:2)
  5 goblins
  5 hobgoblins (D:1)
  3 jackals (D:1)
  A quokka (D:1)
  4 ball pythons
  3 frilled lizards
  3 jackal zombies (Ossuary)
  5 kobolds
  A kobold zombie (Ossuary)
  2 rats
  A rat zombie (Ossuary)
46 creatures vanquished.

Notes
Turn   | Place    | Note
-------+----------+-------------------------------------------
     0 | D:1      | pkoi the Minotaur Gladiator began the quest for the Orb.
     0 | D:1      | Reached XP level 1. HP: 18/18 MP: 0/0
    87 | D:1      | Reached skill level 4 in Long Blades
    87 | D:1      | Reached XP level 2. HP: 21/25 MP: 1/1
   478 | D:1      | Reached skill level 5 in Long Blades
   670 | D:1      | Reached XP level 3. HP: 25/30 MP: 2/2
  1003 | D:1      | Found a faded altar of an unknown god.
  1108 | D:1      | Became a worshipper of Lugonu the Unformed
  1108 | D:1      | Reached * piety under Lugonu
  1108 | D:1      | Reached ** piety under Lugonu
  1421 | D:2      | You fall into a shaft and drop 2 floors!
  1425 | D:4      | Found Asal's Jewellery Boutique.
  1442 | D:4      | Found a sand-covered staircase.
  1451 | Ossuary  | Entered an ossuary
  1472 | Ossuary  | Reached skill level 1 in Invocations
  1472 | Ossuary  | Reached XP level 4. HP: 17/37 MP: 3/3
  1494 | Ossuary  | Reached skill level 6 in Long Blades
  1498 | Ossuary  | HP: 1/37 [human zombie (4)]
  1502 | Ossuary  | Mangled by a human zombie

Illustrated notes

Levels and vault maps discovered:
D:1:      dpeg_arrival_rooms_c, layout_basic, shapermc_ecumenical_altar_petra,
          serial_curves, eino_curves_04, eino_curves_01
D:2:      minmay_evil_eye, layout_loops_cross, minmay_tree_intersection
D:4:      layout_rooms, grunt_temple_overflow_open,
          mainiacjoe_overflow_chevrons, serial_shops, shop, kennysheep_mini,
          nicolae_ossuary_entry_ruins, uniq_robin
Ossuary:  ossuary_minmay_tomb_2a

Skill      XL: |  1  2  3  4 |
---------------+-------------+-----
Long Blades    | 4 5 6 |  6.0
Invocations    | 1 |  1.6
Fighting       | |  2.4
Throwing       | |  2.0
Dodging        | |  3.2

Action                   |  1- 3 |  4- 6 || total
-------------------------+-------+-------++-------
Melee: Long sword        |    74 |    14 ||    88
       Headbutt          |    10 |     9 ||    19
  Use: Scroll            |       |     2 ||     2
       Potion            |       |     2 ||     2
Armor: Leather armour    |    21 |       ||    21
Dodge: Dodged            |    66 |    10 ||    76
       Rpst.: Long sword |    17 |     7 ||    24
